 Dungeon Crawl Stone Soup version 0.29.0-13-gc9e81de378 (webtiles) character file.

Game seed: 4836041527197909459

4188 sanka the Grappler (level 10, -3/100 HPs)
             Began as a Troll Monk on Sept 7, 2022.
             Was a Priest of Okawaru.
             Slain by a vault guard
             ... wielding a +0 broad axe
              (17 damage)
             ... in a bailey.
             The game lasted 00:09:19 (6833 turns).

sanka the Grappler (Troll Monk)                     Turns: 6833, Time: 00:09:19

Health: -3/100     AC:  7    Str: 25    XL:     10   Next: 8%
Magic:  5/12       EV: 12    Int:  6    God:    Okawaru [***...]
Gold:   338        SH:  0    Dex: 12    Spells: 9/9 levels left

rFire   . . .      SeeInvis .     - Unarmed
rCold   . . .      Faith    .   (no shield)
rNeg    . . .      Spirit   .   a - +0 robe
rPois   .          Reflect  .   (helmet restricted)
rElec   .          Harm     .   u - +2 cloak
rCorr   .          Rampage  .   (gloves unavailable)
Will    .....                   (boots unavailable)
Stlth   +++.......              (no amulet)
HPRegen 1.06/turn               (no ring)
MPRegen 0.13/turn               (no ring)

@: heroic, finesse-ful
A: large, unfitting armour, claws 3, regeneration 1, shaggy fur 1, tough skin 1
a: Renounce Religion, Heroism


You were in a bailey.
You worshipped Okawaru.
Okawaru was most pleased with you.
You visited 2 branches of the dungeon, and saw 10 of its levels.
You also visited: Bailey.

You collected 410 gold pieces.
You spent 72 gold pieces at shops.


Innate Abilities, Weirdness & Mutations

You are too large for most types of armour.
You have claws for hands.
Your natural rate of healing is unusually fast.
You are covered in fur. (AC +1)
You have tough skin. (AC +1)


   Skills:
 + Level 6.4(11.4) Fighting
 - Level 2.4(7.4) Dodging
 - Level 1.0(6.0) Stealth
 + Level 12.3(17.3) Unarmed Combat
 - Level 4.0 Invocations


You had 9 spell levels left.
You didn't know any spells.
Your spell library contained the following spells:

 Spells                   Type           Power      Damage    Failure   Level
 Necrotise                Necr           0%         1d4       45%         1
 Vampiric Draining        Necr           0%         2d6       83%         3
 Passage of Golubria      Tloc           0%         N/A       99%         4
 Agony                    Necr           0%         N/A       100%        5
 Yara's Violent Unravell  Hex/Tmut       0%         3d3       100%        5
 Summon Small Mammal      Summ           Unusable   N/A       N/A         1
 Call Canine Familiar     Summ           Unusable   N/A       N/A         3
 Summon Guardian Golem    Hex/Summ       Unusable   N/A       N/A         3
 Tukima's Dance           Hex            Unusable   N/A       N/A         3

Inventory:

Missiles
 k - 2 curare-tipped darts {=f}
Armour
 a - a +0 robe (worn)
 u - a +2 cloak (worn)
Jewellery
 m - a ring of wizardry
Wands
 p - a wand of paralysis (11)
 x - a wand of flame (11)
Scrolls
 c - 2 scrolls of magic mapping
 g - 2 scrolls of silence {!r}
 i - a scroll of noise {!r}
 n - 3 scrolls of blinking
 o - 3 scrolls of fear
 s - 2 scrolls of enchant weapon
 t - a scroll of amnesia {unknown}
 v - 3 scrolls of teleportation {@r4}
 w - a scroll of poison {unknown}
Potions
 b - 3 potions of ambrosia
 d - 2 potions of magic {unknown}
 e - a potion of mutation {unknown}
 f - 10 potions of curing {@q1}
 h - 5 potions of attraction {unknown}
 j - 3 potions of lignification {unknown}
 l - 3 potions of might {unknown}
 q - 2 potions of degeneration {unknown}
 r - a potion of haste {unknown}
 z - a potion of heal wounds {unknown}

Dungeon Overview and Level Annotations

Branches:
Dungeon (9/15)             Temple (1/1) D:6          Bailey (1/1)
   Lair: D:8-11         Orc: D:9-12

Altars:
Cheibriados
Fedhas
Kikubaaqudgha
Makhleb
Nemelex Xobeh
Okawaru
Ru
Sif Muna
Trog
Uskayaw
Vehumet
Wu Jian
Xom
Yredelemnul
Zin

Shops:
D:6 *   D:7 * D:9

( ▒..∩..▒
▒▒▒.....▒▒▒
▒▒~▒▒...▒▒≈▒▒
▒▒~~~▒▒'▒▒~~≈▒▒
▒~~~......~~~≈▒
▒▒........~~~~≈▒▒
▒.≈≈≈~......~~~≈▒
▒'▒▒▒≈~p~.~.~~~≈▒
▒..~▒▒≈FT...~~~≈▒
▒~..~▒≈~...~~~~≈▒
▒▒~..▒▒≈~.~.~~~≈▒
~..?▒≈~..~~~≈▒▒
▒~.!▒≈~.~≈≈~≈▒
▒▒▒▒≈~.≈▒▒≈▒▒
▒≈~÷.≈▒▒▒▒
▒≈~÷.≈▒..+
▒▒▒'▒▒▒..▒▒


You could see a vault guard and a bullfrog.


Message History

Use which ability? (? or * to list)
You gain the combat prowess of a mighty hero.
The bullfrog barely misses you.
The vault guard hits you with a +0 broad axe!
* * * LOW HITPOINT WARNING * * *
Use which ability? (? or * to list)
You can now deal lightning-fast blows.
You can no longer speed up your combat.
The bullfrog barely misses you.
The vault guard hits you with a +0 broad axe!
* * * LOW HITPOINT WARNING * * *
The bullfrog barely misses you.
You claw the vault guard!
The vault guard is lightly wounded.
You scratch the vault guard but do no damage.
The vault guard is lightly wounded.
The bullfrog hits you but does no damage.
The vault guard hits you with a +0 broad axe!!
* * * LOW HITPOINT WARNING * * *
You closely miss the vault guard.
The vault guard is lightly wounded.
Unknown command.
You scratch the vault guard but do no damage.
The vault guard is lightly wounded.
The bullfrog misses you.
Unknown command.
You claw the vault guard!
The vault guard is moderately wounded.
The vault guard hits you with a +0 broad axe!
You die...

Action                   |  1- 3 |  4- 6 |  7- 9 | 10-12 || total
-------------------------+-------+-------+-------+-------++-------
Melee: Unarmed           |    77 |   125 |   206 |    10 ||   418
       Punch             |     2 |     5 |     6 |       ||    13
Invok: Heroism           |       |       |     2 |     1 ||     3
       Finesse           |       |       |       |     1 ||     1
  Use: Scroll            |       |       |     6 |       ||     6
 Stab: Sleeping          |     3 |     2 |     2 |       ||     7
Armor: Robe              |    23 |    24 |    68 |     6 ||   121
Dodge: Dodged            |    35 |    50 |    90 |    11 ||   186

Levels and vault maps discovered:
D:1:      psy_arrival_radial02, layout_basic
D:2:      layout_basic, dreamdust_ecumenical_altar_grove, basic_altar,
          uniq_jessica
D:3:      layout_rooms, uniq_ijyb, uniq_natasha
D:4:      layout_basic, nrook_mini_backslash, roderic_roman_lattice,
          minmay_misc_feat_chi, hangedman_decor_push,
          minmay_fractal_squares_gapless_5, uniq_sigmund, uniq_duvessa
D:5:      layout_rooms, chequers_serial_rivers_large_a
D:6:      layout_basic, general_overflow_altar, minmay_temple_entry_junction,
          serial_shops, nicolae_shop_stone, minmay_unpleasant_kobolds,
          uniq_prince_ribbit1
D:7:      layout_loops_corners, mainiacjoe_overflow_small_starburst,
          grunt_temple_overflow_open, enter_bailey_8, serial_shops,
          nicolae_inconvenience_store
D:8:      layout_gridville
D:9:      layout_stronghold, due_lair_maze_entry_diamond, serial_shops, shop,
          minmay_microvault
Temple:   compressed_dpeg_triangle_lava_temple
Bailey:   bailey_axe_froggy_fort_hellmonk, bailey

Notes
Turn   | Place    | Note
-------+----------+-------------------------------------------
     0 | D:1      | sanka the Troll Monk began the quest for the Orb.
     0 | D:1      | Reached XP level 1. HP: 22/22 MP: 0/0
    82 | D:1      | Reached XP level 2. HP: 29/29 MP: 1/1
   269 | D:1      | Reached skill level 4 in Unarmed Combat
   601 | D:1      | Reached XP level 3. HP: 33/36 MP: 2/2
   795 | D:2      | Found a shimmering altar of Xom.
   845 | D:2      | Found a faded altar of an unknown god.
  1103 | D:2      | Noticed Jessica
  1108 | D:2      | Killed Jessica
  1109 | D:2      | Reached skill level 5 in Unarmed Combat
  1109 | D:2      | Reached XP level 4. HP: 44/44 MP: 3/3
  1494 | D:3      | Noticed Ijyb
  1513 | D:3      | Paralysed by Ijyb for 3 turns
  1517 | D:3      | Killed Ijyb
  1707 | D:3      | Noticed Natasha
  1713 | D:3      | Killed Natasha
  1714 | D:3      | Reached XP level 5. HP: 47/50 MP: 4/4
  1737 | D:3      | Reached skill level 6 in Unarmed Combat
  1944 | D:3      | Noticed Natasha
  2151 | D:3      | Killed Natasha
  2366 | D:3      | Noticed Natasha
  2376 | D:3      | Killed Natasha
  2464 | D:4      | Reached XP level 6. HP: 59/59 MP: 5/5
  2702 | D:4      | Reached skill level 7 in Unarmed Combat
  2708 | D:4      | Noticed Dowan
  2709 | D:4      | Noticed Duvessa
  2710 | D:4      | Noticed Sigmund
  2866 | D:5      | Entered Level 5 of the Dungeon
  3334 | D:5      | Reached skill level 8 in Unarmed Combat
  3339 | D:5      | Reached XP level 7. HP: 66/66 MP: 6/6
  3783 | D:6      | Found an ornate altar of the Wu Jian Council.
  3834 | D:6      | Reached skill level 9 in Unarmed Combat
  3976 | D:6      | Found a staircase to the Ecumenical Temple.
  4007 | D:6      | Noticed Prince Ribbit
  4026 | D:6      | Killed Prince Ribbit
  4027 | D:6      | Reached skill level 10 in Unarmed Combat
  4027 | D:6      | Reached XP level 8. HP: 68/74 MP: 7/7
  4068 | D:6      | Found Ekleuwes's General Store.
  4083 | D:6      | Bought a potion of curing for 36 gold pieces
  4083 | D:6      | Bought a scroll of teleportation for 36 gold pieces
  4177 | Temple   | Entered the Ecumenical Temple
  4190 | Temple   | Became a worshipper of Warmaster Okawaru
  4190 | Temple   | Reached * piety under Okawaru
  4190 | Temple   | Reached ** piety under Okawaru
  4706 | D:4      | Killed Duvessa
  4707 | D:4      | Reached skill level 3 in Fighting
  4707 | D:4      | Reached skill level 1 in Invocations
  4859 | D:4      | Killed Sigmund
  5350 | D:4      | Killed Dowan
  5351 | D:4      | Reached skill level 2 in Invocations
  6029 | D:7      | Found a basalt altar of Yredelemnul.
  6198 | D:9      | Found Upnyowk's Antique Weapon Shop.
  6268 | D:8      | Reached skill level 4 in Fighting
  6268 | D:8      | Reached XP level 9. HP: 59/84 MP: 10/10
  6294 | D:7      | Found Caryhylo's General Store.
  6302 | D:7      | HP: 4/84 [lava snake/glob of lava (9)]
  6372 | D:7      | Found a flagged portal.
  6437 | Bailey   | Entered a bailey
  6454 | Bailey   | Reached skill level 11 in Unarmed Combat
  6454 | Bailey   | Reached skill level 3 in Invocations
  6467 | Bailey   | Reached *** piety under Okawaru
  6530 | Bailey   | Reached skill level 4 in Invocations
  6536 | Bailey   | Reached skill level 5 in Fighting
  6623 | Bailey   | Reached skill level 12 in Unarmed Combat
  6625 | Bailey   | Reached skill level 6 in Fighting
  6690 | Bailey   | Noticed a vault guard
  6702 | Bailey   | Killed a vault guard
  6702 | Bailey   | Reached **** piety under Okawaru
  6703 | Bailey   | Reached XP level 10. HP: 15/100 MP: 9/12
  6812 | Bailey   | Noticed a vault guard
  6833 | Bailey   | Slain by a vault guard

Vanquished Creatures
  A vault guard (Bailey)
  Prince Ribbit (D:6)
  A blink frog (Bailey)
  Sigmund (D:4)
  5 humans (Bailey)
  Duvessa (D:4)
  A sky beast (D:7)
  A black bear (D:8)
  2 orc warriors (Bailey)
  An ogre (D:4)
  A centaur (D:7)
  A kobold brigand (D:6)
  10 bullfrogs
  A necrophage (D:6)
  4 scorpions
  4 wights (D:5)
  Dowan (D:4)
  A jelly (D:6)
  2 orc priests (D:6)
  Ijyb (D:3)
  Jessica (D:2)
  Natasha (thrice) (D:3)
  2 iguanas (D:5)
  7 adders
  3 white imps
  An ufetubus (D:6)
  3 worms
  6 dart slugs
  15 orcs
  11 ball pythons
  9 bats
  8 endoplasms
  2 giant cockroaches (D:1)
  5 goblins
  8 hobgoblins
  11 kobolds
  4 quokkas
  4 frilled lizards
  3 rats
147 creatures vanquished.

Vanquished Creatures (others)
  An orc (D:6)
  5 fungi (D:2)
  5 plants (D:2)
11 creatures vanquished.

Grand Total: 158 creatures vanquished
